 Dungeon Crawl Stone Soup version 0.24-a0-408-gcc1054c7ca (webtiles) character file.

Game seed: 13640355442726829946

1923347 EvilAshe the Impregnable (level 26, 244/262 HPs)
             Began as a Deep Dwarf Gladiator on June 4, 2019.
             Was a High Priest of Makhleb.
             Escaped with the Orb
             ... and 3 runes on June 5, 2019!
             The game lasted 03:39:42 (52816 turns).

EvilAshe the Impregnable (Deep Dwarf Gladiator)    Turns: 52816, Time: 03:39:42

Health: 244/262    AC: 54    Str: 31    XL:     26   Next: 41%
Magic:  25/25      EV: 12    Int: 12    God:    Makhleb [*****.]
Gold:   6583       SH: 23    Dex: 14    Spells: 17/25 levels left

rFire    . . .     SeeInvis .   a - +8 broad axe (venom)
rCold    + + .     Gourm    .   I - +5 shield {AC+3}
rNeg     + + .     Faith    .   D - +7 gold dragon scales
rPois    +         Spirit   .   O - +2 helmet
rElec    +         Reflect  +   Y - +0 cloak {rC+}
rCorr    .         Harm     .   j - +1 pair of gloves
MR       +++..                  f - +0 pair of boots
Stlth    ..........             p - +3 amulet of reflection
HPRegen  0.00/turn              N - ring of Fafis {rElec rF- rN+ AC+5 Str+4}
MPRegen  0.19/turn              c - ring of Robustness {AC+8}

@: non-regenerating
A: damage resistance, heal wounds, slimy green scales 1, blurry vision 2,
deformed body, deterioration 1, negative energy resistance 1, sense surroundings
3, subdued magic 1, no regeneration
0: Orb of Zot
}: 3/15 runes: serpentine, barnacled, silver
a: Heal Wounds, Minor Destruction, Lesser Servant of Makhleb, Major Destruction,
Greater Servant of Makhleb, Renounce Religion


You escaped.
You worshipped Makhleb.
Makhleb was extremely pleased with you.
You were very full.

You visited 8 branches of the dungeon, and saw 46 of its levels.
You also visited: Ice Cave.

You collected 6678 gold pieces.
You spent 95 gold pieces at shops.

Inventory:

Hand Weapons
 a - a +8 broad axe of venom (weapon)
   (You took it off a naga on level 4 of the Snake Pit)
 b - a +1 fustibalus of velocity
   (You found it on level 4 of the Shoals)
Missiles
 k - 170 sling bullets
 q - 15 throwing nets {!f}
 L - 72 boomerangs (quivered)
Armour
 f - a +0 pair of boots (worn)
   (You found it on level 4 of the Dungeon)
 j - a +1 pair of gloves (worn)
   (You found it on level 1 of the Shoals)
 B - a +1 cloak of magic resistance
   (You took it off a draconian shifter on level 4 of the Realm of Zot)
 D - +7 gold dragon scales (worn)
   (You found it on level 1 of the Realm of Zot)
 I - a +5 shield of protection (worn)
   (You found it on level 8 of the Dungeon)
 O - a +2 helmet (worn)
   (You found it on level 5 of the Vaults)
 Y - a +0 cloak of cold resistance (worn)
   (You found it in an ice cave)
Jewellery
 c - the ring of Robustness (right hand) {AC+8}
   (You found it on level 1 of the Depths)

   [ring of protection]

   It affects your AC (+8).
 l - an uncursed ring of resist corrosion
   (You found it on level 5 of the Vaults)
 p - a +3 amulet of reflection (around neck)
   (You found it on level 1 of the Lair of Beasts)
 u - the ring "Ucsa" {rC+ Dex+2}
   (You took it off a centaur on level 1 of the Vaults)

   [ring of dexterity]

   It affects your dexterity (+2).
   It protects you from cold.
 z - an uncursed ring of see invisible
   (You found it in an ice cave)
 A - an uncursed ring of protection from fire
   (You found it on level 3 of the Shoals)
 N - the ring of Fafis (left hand) {rElec rF- rN+ AC+5 Str+4}
   (You found it on level 1 of the Lair of Beasts)

   [ring of protection]

   It affects your AC (+5).
   It affects your strength (+4).
   It makes you vulnerable to fire.
   It insulates you from electricity.
   It protects you from negative energy.
Wands
 d - a wand of iceblast (62)
   (You found it on level 7 of the Dungeon)
 t - a wand of flame (7)
   (You found it on level 4 of the Realm of Zot)
 v - a wand of digging (5)
   (You found it on level 2 of the Lair of Beasts)
 x - a wand of acid (22)
   (You found it on level 10 of the Dungeon)
 J - a wand of clouds (21)
   (You found it on level 9 of the Dungeon)
Scrolls
 h - 8 scrolls of fog
 m - a scroll of silence
 n - 20 scrolls of teleportation {@r4}
 r - 23 scrolls of remove curse {@r2}
 y - 6 scrolls of magic mapping
 G - a scroll of summoning
 M - 7 scrolls of blinking
 S - 22 scrolls of identify {@r1}
 V - 4 scrolls of fear
Potions
 i - 9 potions of brilliance
 o - 6 potions of flight
 s - 5 potions of berserk rage
 w - 13 potions of curing {@q1}
 C - 2 potions of resistance
 F - 5 potions of cancellation
 K - 3 potions of might
 P - 11 potions of heal wounds {@q2}
 T - 4 potions of agility
 Z - 7 potions of haste {@q3}
Miscellaneous
 U - a phial of floods
   (You found it on level 6 of the Lair of Beasts)
 W - 2 phantom mirrors
 X - 2 boxes of beasts
Comestibles
 e - 78 rations {!d}


   Skills:
 + Level 20.4 Fighting
 - Level 18.0 Axes
 - Level 13.9(14.0) Slings
 - Level 1.7(8.0) Throwing
 + Level 23.0 Armour
 + Level 8.9 Dodging
 - Level 15.0 Shields
 - Level 10.4 Charms
 - Level 10.0 Translocations
 - Level 10.3 Transmutations
 - Level 10.3 Ice Magic
 - Level 8.8 Air Magic
 + Level 17.2 Invocations


You had 17 spell levels left.
You knew the following spells:

 Your Spells              Type           Power        Failure   Level  Hunger
a - Ice Form              Ice/Tmut       ###.....     28%         4    #####..
b - Blink                 Tloc           N/A          4%          2    ###....
s - Swiftness             Chrm/Air       ###.....     5%          2    ###....

Your spell library contained the following spells:

 Spells                   Type           Power        Failure   Level  Hunger
 Apportation              Tloc           ###...       2%          1    ##.....
 Beastly Appendage        Tmut           ###...       2%          1    ##.....
 Sticks to Snakes         Tmut           ###.....     3%          2    ###....
 Gell's Gravitas          Tloc           ###.......   10%         3    ####...
 Lesser Beckoning         Tloc           ###.......   10%         3    ####...
 Shock                    Conj/Air       #...         32%         1    ##.....
 Poisonous Vapours        Pois/Air       #.....       47%         2    ###....
 Airstrike                Air            ###.......   50%         4    #####..
 Spider Form              Tmut/Pois      #.........   58%         3    ####...
 Portal Projectile        Hex/Tloc       #.....       61%         3    ####...
 Recall                   Summ/Tloc      N/A          61%         3    ####...
 Blade Hands              Tmut           ###.......   63%         5    ######.
 Static Discharge         Conj/Air       #.......     71%         3    ####...
 Ignite Poison            Fire/Tmut/Pois #.......     83%         3    ####...
 Mephitic Cloud           Conj/Pois/Air  #.......     89%         3    ####...
 Corona                   Hex            #......      91%         1    ##.....
 Flame Tongue             Conj/Fire      #....        91%         1    ##.....
 Magic Dart               Conj           #...         91%         1    ##.....
 Sting                    Conj/Pois      #...         91%         1    ##.....
 Summon Butterflies       Summ           #.......     91%         1    ##.....
 Summon Small Mammal      Summ           #...         91%         1    ##.....
 Petrify                  Tmut/Erth      #.......     94%         4    #####..
 Summon Ice Beast         Ice/Summ       #.......     94%         4    #####..
 Force Lance              Conj/Tloc      #.......     95%         4    #####..
 Call Imp                 Summ           #.......     97%         2    ###....
 Slow                     Hex            #.......     97%         2    ###....
 Sublimation of Blood     Necr           #.........   97%         2    ###....
 Throw Flame              Conj/Fire      #.....       97%         2    ###....
 Summon Lightning Spire   Summ/Air       #.......     98%         4    #####..
 Dispersal                Tloc           ###.......   99%         6    #######
 Hydra Form               Tmut           ###.......   99%         6    #######
 Ozocubu's Refrigeration  Ice            ###.......   99%         6    #######
 Call Canine Familiar     Summ           #.......     100%        3    ####...
 Conjure Flame            Conj/Fire      #.......     100%        3    ####...
 Inner Flame              Hex/Fire       #.......     100%        3    ####...
 Stone Arrow              Conj/Erth      #.....       100%        3    ####...
 Summon Guardian Golem    Hex/Summ       #.......     100%        3    ####...
 Tukima's Dance           Hex            #.......     100%        3    ####...
 Vampiric Draining        Necr           #.........   100%        3    ####...
 Animate Dead             Necr           N/A          100%        4    #####..
 Cause Fear               Hex            #.........   100%        4    #####..
 Fulminant Prism          Conj/Hex       #.........   100%        4    #####..
 Iskenderun's Mystic Bla  Conj           #.......     100%        4    #####..
 Leda's Liquefaction      Hex/Erth       #.........   100%        4    #####..
 Olgreb's Toxic Radiance  Pois           #.......     100%        4    #####..
 Sticky Flame             Conj/Fire      #.......     100%        4    #####..
 Alistair's Intoxication  Tmut/Pois      #.......     100%        5    ######.
 Bolt of Magma            Conj/Fire/Erth #.........   100%        5    ######.
 Borgnjor's Vile Clutch   Necr/Erth      #.........   100%        5    ######.
 Fireball                 Conj/Fire      #.........   100%        5    ######.
 Irradiate                Conj/Tmut      #.........   100%        5    ######.
 Iskenderun's Battlesphe  Conj/Chrm      #.......     100%        5    ######.
 Lightning Bolt           Conj/Air       #.........   100%        5    ######.
 Metabolic Englaciation   Hex/Ice        #.........   100%        5    ######.
 Venom Bolt               Conj/Pois      #.........   100%        5    ######.
 Bolt of Cold             Conj/Ice       #.........   100%        6    #######
 Death Channel            Necr           #.........   100%        6    #######
 Freezing Cloud           Conj/Ice/Air   ##........   100%        6    #######
 Invisibility             Hex            #.......     100%        6    #######
 Iron Shot                Conj/Erth      #.........   100%        6    #######
 Simulacrum               Ice/Necr       #.........   100%        6    #######
 Statue Form              Tmut/Erth      #........    100%        6    #######
 Dragon Form              Tmut           ###.......   100%        7    #######
 Orb of Destruction       Conj           #.........   100%        7    #######
 Spellforged Servitor     Conj/Summ      #.........   100%        7    #######
 Controlled Blink         Tloc           N/A          100%        8    #######
 Disjunction              Tloc           ###.......   100%        8    #######


Dungeon Overview and Level Annotations

Branches:
Dungeon (15/15)            Temple (0/1) D:7            Lair (6/6) D:8
 Shoals (4/4) Lair:4        Snake (4/4) Lair:4        Slime (0/5) Lair:6
    Orc (2/2) D:11            Elf (0/3) Orc:2        Vaults (5/5) D:14
  Crypt (0/3) Vaults:3     Depths (5/5) D:15            Zot (5/5) Depths:5

Altars:
Ashenzari
Cheibriados
Dithmenos
Elyvilon
Fedhas
Gozag
Hepliaklqana
Kikubaaqudgha
Makhleb
Nemelex Xobeh
Okawaru
Qazlal
Ru
Sif Muna
Trog
Vehumet
Wu Jian
Xom
Yredelemnul
Zin
Beogh
Jiyva
Lugonu

Shops:
D:7 (   D:10 (   D:11 [   D:14 ((   Orc:2 ((%(   Shoals:1 (   Snake:3 %
Vaults:2 !

Portals:
Hell: Depths:1 Depths:2 Depths:3 Depths:4 Depths:5
Abyss: Depths:4 Depths:5
Pandemonium: Depths:2 Depths:3
Ziggurat: Depths:2

Annotations:
D:14 exclusion: Roxanne, Roxanne
Lair:6 exclusion: 2 oklob plants
Depths:2 2 transporters, exclusion: downstairs
Depths:3 exclusion: 2 orange crystal statues
Depths:4 1 transporter


Innate Abilities, Weirdness & Mutations

You are resistant to damage.
You can heal yourself by infusing magical energy.
You resist negative energy. (rN+)
You passively map a large area around you.
You do not regenerate.
You are partially covered in slimy green scales. (AC +2)
Scrolls take you longer to read.
Armour fits poorly on your strangely shaped body.
Your body sometimes deteriorates upon taking damage.
Your spells are a little easier to cast, but a little less powerful.


Message History

There is an escape hatch in the ceiling here.
Really go through this one-way escape hatch?
A mysterious force pulls you upwards. The hatch slams shut behind you.
(D) Dungeon (T) Temple (L) Lair (A) Shoals (P) Snake Pit (M) Slime Pits (O) Orcish Mines (E) Elven Halls (V) Vaults (C) Crypt (U) Depths (H) Hell (Z) Zot
Where to? (Enter - D:1, ? - help)
There is a stone staircase leading up here.
You climb upwards.
There is a stone staircase leading down here.
There is a stone staircase leading up here.
You climb upwards.
There is a stone staircase leading down here.
There is a stone staircase leading up here.
A great orb of eyes comes into view.
The great orb of eyes turns its gaze towards you.
You slash the great orb of eyes!
You block the great orb of eyes's attack.
You slice the great orb of eyes!!
The great orb of eyes is poisoned.
You block the great orb of eyes's attack.
You chop the great orb of eyes into pieces!!!
You kill the great orb of eyes!
Makhleb accepts your kill.
You feel better.
No target in view!
No target in view!
(D) Dungeon (T) Temple (L) Lair (A) Shoals (P) Snake Pit (M) Slime Pits (O) Orcish Mines (E) Elven Halls (V) Vaults (C) Crypt (U) Depths (H) Hell (Z) Zot
Where to? (Enter - D:1, ? - help)
There is a stone staircase leading up here.
You climb upwards.
An Ice Fiend comes into view.
There is a stone staircase leading down here.
The Ice Fiend moves out of view.
There is a stone staircase leading up here.
You climb upwards.
There is a stone staircase leading down here.
(D) Dungeon (T) Temple (L) Lair (A) Shoals (P) Snake Pit (M) Slime Pits (O) Orcish Mines (E) Elven Halls (V) Vaults (C) Crypt (U) Depths (H) Hell (Z) Zot
Where to? (Enter - D:1, ? - help)
There is a stone staircase leading up here.
You climb upwards.
There is a stone staircase leading down here.
There is a staircase leading out of the dungeon here.
You have escaped!

..#######.#
#.######.#.####..###
#.........# #.#
#......#..### ##.########
#.# ###.##....... #...#
######.##### #.####..##.
#...# #..........#
#.####..... #.(.#
#.##.#...#.# #..........
#...#
#.#...##.############.##.
#...#####.....##.# #.....#
#.....
..............##@###.....#
#..##.
..............##.##......#
#..##.
..............##.###.....#
#..... #...######......##
#.....# #.##.# #...#
##...#.# #.....# #.##.#
#...# #####.####.....#
#..... #...# #..........#
####.# #...#
######.....######.# ##.###
#............#


There were no monsters in sight!

Vanquished Creatures
  A pandemonium lord (Zot:4)
  An orb of fire (Zot:3)
  8 ancient liches
  Bai Suzhen (Shoals:3)
  3 curse toes
  A Killer Klown (Zot:5)
  8 golden dragons
  2 bone dragons
  the Enchantress (Depths:1)
  Jory (Depths:4)
  4 liches
  4 electric golems
  An Ice Fiend (IceCv)
  Rupert (Orc:2)
  16 tentacled monstrosities
  24 Orb Guardians (Zot:5)
  3 quicksilver dragons
  5 titans
  Polyphemus (Shoals:3)
  A kraken (Shoals:3)
  An Executioner (Zot:5)
  10 shadow dragons
  4 death cobs
  Donald (Shoals:3)
  13 storm dragons
  A sphinx (Depths:5)
  2 draconian monks
  3 tengu reavers (Vaults:5)
  6 fire giants
  9 nagarajas
  3 iron dragons
  2 deep elf sorcerers (Vaults:5)
  4 draconian knights (Zot:4)
  A ghost moth (Zot:4)
  15 vault wardens
  9 frost giants
  7 draconian scorchers
  3 draconian stormcallers
  3 spriggan defenders (Depths:1)
  8 draconian shifters
  A deep elf elementalist (Vaults:5)
  4 draconian annihilators
  18 stone giants
  17 very ugly things
  2 war gargoyles
  3 vampire knights
  2 entropy weavers
  11 ironheart preservers
  15 black draconians
  5 yellow draconians
  9 red draconians
  6 green draconians
  2 deep elf annihilators
  4 spark wasps (Depths:4)
  5 purple draconians
  7 white draconians
  5 merfolk javelineers (Shoals:4)
  A green death (Depths:2)
  An eidolon (Depths:3)
  4 deep elf death magi
  4 fire dragons
  The ghost of Bura the Covert, a journeyman HuAr of Trog (Lair:2)
  6 ettins
  3 jiangshi (Depths:3)
  A death ooze (Lair:2)
  5 merfolk impalers
  10 great orbs of eyes
  12 ice dragons
  A fire dragon (shapeshifter) (Vaults:1)
  14 yaktaur captains
  21 naga warriors
  Fannar (Lair:3)
  5 hydras
  A monstrous demonspawn (Depths:2)
  3 spriggan air magi
  6 merfolk avatars
  5 rakshasas
  38 vault guards
  Erica (Orc:1)
  2 catoblepae
  7 merfolk aquamancers
  11 centaur warriors
  11 anacondas
  2 dancing weapons (Depths:3)
  2 death knights
  5 tengu warriors
  52 two-headed ogres
  4 deep troll shamans
  A small abomination (Vaults:4)
  11 death yaks
  14 ogre magi
  4 vampire magi
  3 spriggans
  Urug (Orc:1)
  6 deep troll earth magi
  3 shock serpents
  3 spriggan berserkers
  4 deep elf knights
  8 naga sharpshooters
  3 soul eaters
  Sonja (Lair:2)
  A shadow wraith (Vaults:1)
  Nergalle (Lair:2)
  7 hell knights
  10 iron trolls
  4 skeletal warriors
  4 unseen horrors
  2 wizards
  8 sea snakes
  10 salamander mystics
  A torturous demonspawn (D:13)
  19 deep trolls
  A spectral anaconda (Depths:3)
  The ghost of kinazarov the Spear-Bearer, a novice MfSk of Hepliaklqana (D:6)
  A death drake (Depths:2)
  2 glowing orange brains
  An unseen horror (shapeshifter) (Vaults:1)
  12 phantasmal warriors
  9 orc knights
  4 naga ritualists
  7 flayed ghosts
  2 spectral hydras (Depths:3)
  An infernal demonspawn (Depths:2)
  12 ironbrand convokers
  4 deep elf archers
  10 mana vipers
  20 harpies
  4 necromancers
  36 ugly things
  15 salamanders
  2 lindwurms (Lair:6)
  13 deep elf magi
  11 fauns
  A shining eye (shapeshifter) (D:15)
  A frost giant zombie (Vaults:2)
  2 orc sorcerers
  7 wolf spiders
  5 cyclopes
  2 manticores (shapeshifter) (Vaults:5)
  Maurice (Orc:1)
  12 manticores
  9 vault sentinels
  11 moths of wrath
  2 centaur zombies
  10 merfolk sirens
  2 ice statues
  8 guardian serpents
  29 black mambas
  A smoke demon (Zot:5)
  16 naga magi
  4 water nymphs
  A storm dragon simulacrum (Vaults:2)
  2 rust devils
  2 gargoyles
  4 rime drakes
  5 torpor snails (Lair:6)
  11 komodo dragons
  9 spiny frogs
  6 ice devils
  38 yaktaurs
  2 golden dragon simulacra (IceCv)
  4 anaconda simulacra
  8 freezing wraiths
  A spectral merfolk (Depths:3)
  A meliai (shapeshifter) (Vaults:5)
  12 trolls
  A troll (shapeshifter) (Vaults:2)
  2 tengu conjurers
  3 jumping spiders (Vaults:5)
  28 merfolk
  A queen bee (shapeshifter) (Vaults:3)
  A wind drake (shapeshifter) (Vaults:3)
  A polar bear (shapeshifter) (Vaults:1)
  5 polar bears
  A wolf spider simulacrum (IceCv)
  2 jumping spiders (shapeshifter)
  3 tyrant leeches (Lair:6)
  6 wind drakes
  A raiju (Depths:2)
  12 hornets
  A blink frog (shapeshifter) (Vaults:5)
  32 slime creatures
  8 snapping turtles
  A hippogriff (shapeshifter) (Vaults:2)
  8 dream sheep
  6 blink frogs
  10 hippogriffs
  Sigmund (D:5)
  A frost giant simulacrum (Vaults:1)
  A redback (Vaults:5)
  A vampire (Depths:4)
  72 yaks
  5 shadows (Depths:3)
  4 wyverns
  26 water elementals
  4 dire elephant simulacra (IceCv)
  9 wraiths
  4 basilisks
  2 minotaur simulacra (Depths:3)
  4 hungry ghosts
  2 wargs
  2 steam dragons (Shoals:4)
  8 vampire mosquitoes
  Edmund (D:5)
  2 harpy simulacra (IceCv)
  7 acid dragons
  3 hydra simulacra
  51 nagas
  2 iron troll simulacra (IceCv)
  A floating eye (Depths:3)
  8 hell hounds
  19 water moccasins
  6 spectral spriggans (Depths:3)
  3 porcupines
  4 ice beasts
  A sky beast (D:5)
  2 spectral trolls (Depths:3)
  An ice beast (shapeshifter) (D:15)
  2 black bears
  28 orc warriors
  A phantom (D:9)
  An eye of draining (D:11)
  44 ogres
  2 necrophages
  35 centaurs
  An ogre (shapeshifter) (D:15)
  14 boggarts
  An alligator simulacrum (IceCv)
  53 wolves
  An orc skeleton (Vaults:1)
  An elf simulacrum (Vaults:1)
  12 crocodiles
  A human skeleton (Vaults:1)
  An elf zombie (D:7)
  2 big kobolds
  15 bullfrogs
  A merfolk simulacrum (Depths:3)
  A deep troll simulacrum (Vaults:2)
  A glowing shapeshifter simulacrum (Vaults:1)
  2 scorpions
  A spectral ogre (Depths:3)
  4 killer bees
  2 spectral nagas (Depths:3)
  7 wights
  3 howler monkeys
  3 electric eels
  A spectral centaur (D:6)
  2 bullfrog zombies
  A spectral bullfrog (D:6)
  8 crimson imps
  2 quasits
  5 human zombies
  A draconian simulacrum (IceCv)
  5 hounds
  30 orc wizards
  A gnoll shaman (D:8)
  9 orc priests
  4 centaur skeletons
  7 jellies
  2 bullfrog skeletons (D:6)
  2 iguanas
  4 worker ants
  2 spriggan simulacra
  4 troll simulacra (IceCv)
  An ogre zombie (D:7)
  A centaur simulacrum (IceCv)
  A hound skeleton (D:11)
  2 mummies (D:7)
  A worker ant zombie (D:11)
  6 gnolls
  5 naga simulacra (IceCv)
  10 adders
  5 ogre simulacra (IceCv)
  5 shadow imps
  4 white imps (IceCv)
  4 ufetubi (IceCv)
  An ooze (D:5)
  A spectral adder (D:6)
  An adder zombie (D:9)
  2 adder skeletons
  A worm (D:2)
  5 dart slugs
  8 leopard geckos
  73 orcs
  2 ball pythons (D:2)
  7 giant cockroaches
  9 goblins
  3 hobgoblins
  21 jackals
  4 quokkas
  8 bats
  2 frilled lizards (D:1)
  A jackal skeleton (D:4)
  13 kobolds
  An orc zombie (D:7)
  A quokka zombie (D:8)
  11 rats
  2 crawling corpses (Vaults:5)
  3 fungi (Lair:4)
  18 plants
  4 tentacles (Shoals:3)
2041 creatures vanquished.

Vanquished Creatures (collateral kills)
  2 ancient liches
  3 orbs of fire
  A Killer Klown (Zot:5)
  A tentacled monstrosity (Zot:5)
  An Orb Guardian (Zot:5)
  A shadow dragon (Zot:1)
  2 draconian monks
  A vault warden (Vaults:5)
  An ironheart preserver (Vaults:4)
  A green draconian (Zot:1)
  A black draconian (Zot:1)
  2 red draconians
  2 white draconians
  A deep elf annihilator (Vaults:4)
  A purple draconian (Zot:3)
  A yellow draconian (Zot:1)
  2 deep elf death magi (Vaults:4)
  A merfolk impaler (Shoals:4)
  An ogre mage (Orc:2)
  3 merfolk aquamancers (Shoals:4)
  An ugly thing (D:12)
  A merfolk siren (Shoals:4)
  A moth of wrath (Zot:1)
  A black mamba (Lair:5)
  2 vault sentinels (Vaults:4)
  3 merfolk (Shoals:4)
  A troll (Orc:2)
  A hippogriff (D:12)
  2 basilisks (Lair:4)
  2 ogres (Orc:2)
  A wolf (Lair:5)
45 creatures vanquished.

Vanquished Creatures (others)
  Aizul (Snake:2)
  A draconian shifter (Zot:5)
  A stone giant (Vaults:4)
  Nessos (D:15)
  A black draconian (Zot:4)
  A yaktaur captain (Vaults:5)
  2 centaur warriors (D:15)
  2 satyrs
  2 naga sharpshooters
  A spriggan berserker (Depths:5)
  An orc knight (Vaults:3)
  An ugly thing (Depths:2)
  3 cyclopes
  7 yaktaurs
  A shadow (Depths:3)
  An orc warrior (Orc:2)
  5 centaurs
  An orc wizard (Orc:1)
  A river rat (D:8)
  4 white imps (IceCv)
  An ufetubus (IceCv)
  14 fungi
  28 plants
  4 tentacles (Shoals:3)
85 creatures vanquished.

Grand Total: 2171 creatures vanquished

Notes
Turn   | Place    | Note
-------+----------+-------------------------------------------
     0 | D:1      | EvilAshe the Deep Dwarf Gladiator began the quest for the
                  | Orb.
     0 | D:1      | Reached XP level 1. HP: 19/19 MP: 1/1
    26 | D:1      | You fall into a shaft and drop 1 floor!
   210 | D:2      | Reached XP level 2. HP: 23/26 MP: 2/2
   447 | D:1      | Reached XP level 3. HP: 20/32 MP: 3/3
  1179 | D:2      | Found a shadowy altar of Dithmenos.
  1351 | D:2      | Reached XP level 4. HP: 20/40 MP: 4/4
  1625 | D:3      | Found a shattered altar of Ashenzari.
  1818 | D:3      | Found a blossoming altar of Fedhas.
  1862 | D:3      | Found an iron altar of Okawaru.
  1962 | D:3      | Reached skill level 5 in Axes
  2091 | D:3      | Reached XP level 5. HP: 40/48 MP: 5/5
  2097 | D:3      | Found a snail-covered altar of Cheibriados.
  2515 | D:4      | Found a bloodstained altar of Trog.
  2548 | D:4      | Found a sacrificial altar of Ru.
  2697 | D:4      | Found a burning altar of Makhleb.
  2697 | D:4      | Found a sparkling altar of Nemelex Xobeh.
  2713 | D:4      | Became a worshipper of Makhleb the Destroyer
  2889 | D:5      | Entered Level 5 of the Dungeon
  2965 | D:5      | Reached XP level 6. HP: 53/56 MP: 6/6
  3066 | D:5      | Found a glowing silver altar of Zin.
  3141 | D:5      | Noticed a sky beast
  3158 | D:5      | Killed a sky beast
  3158 | D:5      | Reached skill level 5 in Dodging
  3277 | D:5      | Noticed Sigmund
  3296 | D:5      | Killed Sigmund
  3296 | D:5      | Reached XP level 7. HP: 45/63 MP: 7/7
  3318 | D:5      | Noticed Edmund
  3322 | D:5      | Gained mutation: You are partially covered in slimy green
                  | scales. (AC +2) [potion of mutation]
  3322 | D:5      | Gained mutation: Your mind is acute. (Int +2) [potion of
                  | mutation]
  3332 | D:5      | Killed Edmund
  3421 | D:5      | Found a sparkling altar of Nemelex Xobeh.
  3423 | D:5      | Found a bloodstained altar of Trog.
  3423 | D:5      | Found a shimmering altar of Xom.
  3425 | D:5      | Found an ornate altar of the Wu Jian Council.
  3425 | D:5      | Found a stormy altar of Qazlal.
  3425 | D:5      | Found a white marble altar of Elyvilon.
  3608 | D:6      | Reached * piety under Makhleb
  3705 | D:6      | Found a transporter.
  3706 | D:6      | Noticed a troll
  3706 | D:6      | Noticed a troll
  3706 | D:6      | Noticed a yak
  3875 | D:6      | Reached XP level 8. HP: 58/73 MP: 8/8
  3954 | D:6      | Found a runed translucent gate.
  3955 | D:6      | Found a runed translucent gate.
  3955 | D:6      | Found a runed translucent gate.
  3957 | D:6      | Noticed kinazarov's ghost (novice MfSk)
  4007 | D:6      | Found a transporter.
  4023 | D:6      | Found a hazy altar of Hepliaklqana.
  4141 | D:6      | Found a glowing silver altar of Zin.
  4402 | D:7      | Found a staircase to the Ecumenical Temple.
  4468 | D:7      | Reached skill level 1 in Armour
  4509 | D:7      | Found a basalt altar of Yredelemnul.
  4521 | D:7      | Reached skill level 2 in Armour
  4527 | D:7      | Reached skill level 5 in Fighting
  4653 | D:7      | Found Simemn's Weapon Emporium.
  4943 | D:7      | Reached skill level 3 in Armour
  5329 | D:7      | Found a radiant altar of Vehumet.
  5333 | D:7      | Reached ** piety under Makhleb
  5333 | D:7      | Gained mutation: You passively map the area around you.
                  | [Deep Dwarf growth]
  5333 | D:7      | Reached XP level 9. HP: 57/81 MP: 9/9
  5341 | D:7      | Found an ancient bone altar of Kikubaaqudgha.
  5357 | D:7      | Found a deep blue altar of Sif Muna.
  5536 | D:8      | Reached skill level 10 in Axes
  5536 | D:8      | Reached skill level 4 in Armour
  5735 | D:8      | Found a staircase to the Lair.
  5792 | D:8      | Paralysed by a hornet for 3 turns
  5797 | D:8      | Reached skill level 1 in Shields
  5886 | D:8      | Reached skill level 5 in Armour
  5931 | D:8      | Noticed a troll
  5949 | D:8      | Killed a troll
  6032 | D:8      | Reached XP level 10. HP: 88/92 MP: 10/10
  6321 | D:9      | Reached *** piety under Makhleb
  6666 | D:9      | Reached skill level 6 in Armour
  7093 | D:10     | Entered Level 10 of the Dungeon
  7174 | D:10     | Reached skill level 5 in Shields
  7393 | D:10     | Reached skill level 7 in Armour
  7393 | D:10     | Reached XP level 11. HP: 100/100 MP: 11/11
  7409 | D:10     | Found Joesk's Antique Weapon Shoppe.
  7486 | D:10     | Reached **** piety under Makhleb
  7535 | D:10     | Found an opulent altar of Gozag.
  7827 | D:11     | Noticed a red ugly thing
  7850 | D:11     | Killed a red ugly thing
  8030 | D:11     | Found a staircase to the Orcish Mines.
  8075 | D:11     | Found Ciyrrafif's Armour Emporium.
  8455 | D:11     | Noticed a two-headed ogre
  8472 | D:11     | Killed a two-headed ogre
  8472 | D:11     | Reached skill level 1 in Invocations
  8708 | D:12     | Noticed a deep elf mage
  9317 | D:11     | Killed an unseen horror
  9317 | D:11     | Reached skill level 8 in Armour
  9550 | D:12     | Reached ***** piety under Makhleb
  9568 | D:12     | Noticed a brown ugly thing
  9568 | D:12     | Noticed a green ugly thing
  9575 | D:12     | Killed a green ugly thing
  9580 | D:12     | Killed a brown ugly thing
  9669 | D:12     | Killed a deep elf mage
  9774 | D:12     | Killed an unseen horror
  9774 | D:12     | Reached XP level 12. HP: 101/112 MP: 14/14
  9939 | Lair:1   | Entered Level 1 of the Lair of Beasts
 10152 | Lair:1   | Got a translucent bronze ring
 10450 | Lair:1   | Identified the ring of Fafis {rElec rF- rN+ AC+5 Str+4}
                  | (You found it on level 1 of the Lair of Beasts)
 10774 | Lair:2   | Noticed Fannar
 10810 | Lair:2   | Reached skill level 5 in Invocations
 11178 | Lair:2   | Found a runed translucent gate.
 11179 | Lair:2   | Found a runed translucent gate.
 11186 | Lair:2   | Noticed a death ooze
 11377 | Lair:2   | Reached skill level 9 in Armour
 11425 | Lair:2   | Noticed Sonja
 11430 | Lair:2   | Found a runed translucent gate.
 11439 | Lair:2   | Killed Sonja
 11573 | Lair:2   | Found a viscous altar of Jiyva.
 11573 | Lair:2   | Noticed Bura's ghost (journeyman HuAr)
 11782 | Lair:2   | Noticed Nergalle
 11795 | Lair:2   | Killed Nergalle
 12194 | Lair:3   | Killed Fannar
 12401 | Lair:3   | Found the +3 warlock's mirror {reflect}
 12817 | Lair:4   | Reached skill level 15 in Axes
 12874 | Lair:4   | Found a staircase to the Shoals.
 12879 | Lair:4   | Reached XP level 13. HP: 118/121 MP: 17/17
 13256 | Lair:4   | Found a staircase to the Snake Pit.
 13775 | Lair:5   | Found a sparkling altar of Nemelex Xobeh.
 14234 | Lair:5   | Reached skill level 10 in Armour
 14692 | Lair:6   | Entered Level 6 of the Lair of Beasts
 14846 | Lair:5   | Reached skill level 10 in Fighting
 14937 | Lair:6   | Found a staircase to the Slime Pits.
 15037 | Lair:6   | Reached ****** piety under Makhleb
 15047 | Lair:6   | Found a viscous altar of Jiyva.
 15340 | Lair:6   | Gained mutation: You resist negative energy. (rN+) [Deep
                  | Dwarf growth]
 15340 | Lair:6   | Reached XP level 14. HP: 132/132 MP: 20/20
 15459 | Lair:6   | Reached skill level 10 in Shields
 15480 | Lair:6   | Reached skill level 11 in Armour
 15499 | Lair:6   | Reached skill level 10 in Invocations
 15546 | Lair:6   | Found a runed translucent door.
 15787 | Lair:6   | Identified the ring "Xavich" {*Slow rC+++ Int-4 SInv
                  | Stlth-} (You found it on level 6 of the Lair of Beasts)
 17629 | D:14     | Found a shattered altar of Ashenzari.
 17756 | D:14     | Found a gate to the Vaults.
 17812 | D:14     | Reached skill level 12 in Armour
 17845 | D:14     | Found Wixutzy's Antique Weapon Emporium.
 17850 | D:14     | Identified Roxanne's Papyrus of Earth
 17850 | D:14     | Noticed Roxanne
 18143 | D:14     | Found Gegime's Weapon Emporium.
 18785 | Orc:1    | Entered Level 1 of the Orcish Mines
 19020 | Orc:1    | Noticed Urug
 19039 | Orc:1    | Killed Urug
 19039 | Orc:1    | Reached XP level 15. HP: 142/142 MP: 22/22
 19059 | Orc:1    | Noticed Maurice
 19084 | Orc:1    | Killed Maurice
 19148 | Orc:1    | Noticed Erica
 19159 | Orc:1    | Killed Erica
 19494 | Orc:2    | Entered Level 2 of the Orcish Mines
 19494 | Orc:2    | Found a roughly hewn altar of Beogh.
 19530 | Orc:2    | Noticed Rupert
 19623 | Orc:2    | Found a deep blue altar of Sif Muna.
 19765 | Orc:2    | Paralysed by Rupert for 4 turns
 19771 | Orc:2    | Killed Rupert
 19779 | Orc:2    | Found Rol Peri's Weapon Boutique.
 19838 | Orc:2    | Found Nurupsytt's Antique Weapon Shop.
 19854 | Orc:2    | Found Hessicly's Antique Weapon Shop.
 19863 | Orc:2    | Found Raclanufom's Food Shoppe.
 19880 | Orc:2    | Found a staircase to the Elven Halls.
 20498 | D:6      | Found an opulent altar of Gozag.
 20673 | D:6      | Killed kinazarov's ghost
 20912 | Lair:2   | Killed Bura's ghost
 21102 | D:15     | Entered Level 15 of the Dungeon
 21151 | D:15     | Reached skill level 13 in Armour
 21210 | D:15     | Identified the +1 scale mail of Eternity {Str+3} (You found
                  | it on level 15 of the Dungeon)
 21401 | D:15     | Found a staircase to the Depths.
 21517 | D:15     | Noticed Nessos
 21537 | D:15     | Killed Nessos
 21900 | Snake:1  | Entered Level 1 of the Snake Pit
 22308 | Snake:1  | Reached XP level 16. HP: 134/154 MP: 25/25
 23523 | Snake:2  | Found a frozen archway.
 23546 | IceCv    | Entered an ice cave
 23606 | IceCv    | Reached skill level 14 in Armour
 24162 | IceCv    | Noticed an Ice Fiend
 24241 | IceCv    | Killed an Ice Fiend
 24278 | IceCv    | Got an ichor-stained leather armour
 24283 | IceCv    | Got a bloodstained hat
 24288 | IceCv    | Identified the +1 hat of Sunlight {rN+} (You found it in an
                  | ice cave)
 24385 | Snake:2  | Noticed Aizul
 24409 | Snake:2  | Killed Aizul
 25462 | Snake:3  | Reached skill level 15 in Invocations
 25508 | Snake:3  | Found Giruih's Distillery.
 25510 | Snake:3  | Found Tugav's Food Shop.
 26041 | Snake:4  | Entered Level 4 of the Snake Pit
 26423 | Snake:4  | Reached XP level 17. HP: 164/164 MP: 23/23
 26556 | Snake:4  | Reached skill level 15 in Armour
 27177 | Snake:4  | Got a serpentine rune of Zot
 27345 | Snake:4  | Reached skill level 15 in Shields
 27402 | Snake:4  | Learned a level 4 spell: Ice Form
 27522 | Shoals:1 | Entered Level 1 of the Shoals
 27733 | Shoals:1 | Found Ucashu's Antique Weapon Shop.
 28196 | Shoals:2 | Reached skill level 1 in Transmutations
 28230 | Shoals:2 | Reached skill level 1 in Ice Magic
 28253 | Shoals:2 | You fall into a shaft and drop 1 floor!
 28255 | Shoals:3 | Noticed Donald
 28294 | Shoals:3 | Killed Donald
 29047 | Shoals:3 | Gained mutation: You passively map a large area around you.
                  | [Deep Dwarf growth]
 29047 | Shoals:3 | Reached XP level 18. HP: 175/175 MP: 25/25
 29052 | Shoals:3 | Noticed Polyphemus
 29077 | Shoals:3 | Killed Polyphemus
 29565 | Shoals:3 | Noticed Bai Suzhen
 29590 | Shoals:3 | Killed Bai Suzhen
 29590 | Shoals:3 | Reached skill level 16 in Armour
 29768 | Shoals:4 | Entered Level 4 of the Shoals
 31098 | Shoals:4 | Got a barnacled rune of Zot
 31441 | Vaults:1 | Entered Level 1 of the Vaults
 31983 | Vaults:1 | You fall into a shaft and drop 1 floor!
 32088 | Vaults:1 | Reached skill level 5 in Ice Magic
 32090 | Vaults:1 | Reached skill level 5 in Transmutations
 32144 | Vaults:1 | Identified the ring "Ucsa" {rC+ Dex+2}
 32192 | Vaults:1 | Reached XP level 19. HP: 156/184 MP: 26/26
 32690 | Vaults:1 | Reached skill level 1 in Slings
 32770 | Vaults:1 | Reached skill level 15 in Fighting
 33136 | Vaults:1 | Upgraded the game from 0.24-a0-388-gb57f36d6e0 to
                  | 0.24-a0-408-gcc1054c7ca
 34015 | Vaults:2 | Reached skill level 17 in Armour
 34164 | Vaults:2 | Found Corirphua's Distillery.
 34172 | Vaults:2 | Bought a potion of heal wounds for 95 gold pieces
 34228 | Vaults:3 | You fall into a shaft and drop 1 floor!
 34845 | Vaults:3 | Noticed a bone dragon
 34866 | Vaults:3 | Killed a bone dragon
 34866 | Vaults:3 | Reached skill level 5 in Slings
 34867 | Vaults:3 | Found a staircase to the Crypt.
 35654 | Vaults:4 | Reached XP level 20. HP: 154/195 MP: 27/27
 37231 | Vaults:5 | Entered Level 5 of the Vaults
 37490 | Vaults:5 | Reached skill level 18 in Armour
 37653 | Vaults:5 | Reached XP level 21. HP: 193/205 MP: 28/28
 37759 | Vaults:5 | Identified Vehumet's Grimoire of Conjuration
 37991 | Vaults:5 | Noticed an ancient lich
 38381 | Vaults:5 | Killed an ancient lich
 38417 | Vaults:5 | Got a silver rune of Zot
 38532 | Vaults:5 | Reached skill level 10 in Transmutations
 38545 | Vaults:5 | Reached skill level 10 in Ice Magic
 38997 | Vaults:5 | Reached skill level 10 in Slings
 39480 | Depths:1 | Entered Level 1 of the Depths
 39786 | D:15     | Learned a level 2 spell: Blink
 39823 | Depths:1 | Reached skill level 1 in Translocations
 39980 | Depths:1 | Identified the +1 faerie dragon scales {MR+ rCorr Str+6}
 39980 | Depths:1 | Noticed the Enchantress
 40001 | Depths:1 | Reached XP level 22. HP: 211/216 MP: 29/29
 40014 | Depths:1 | Reached skill level 19 in Armour
 40055 | Depths:1 | Killed the Enchantress
 40128 | Depths:1 | Identified Sif Muna's Papyrus of Stolen Souls and Combat
                  | Magic
 40570 | Depths:1 | Found the ring of Robustness {AC+8}
 40733 | Depths:1 | Found a gateway to Hell.
 40844 | Depths:2 | Reached skill level 5 in Translocations
 40884 | Depths:2 | Found a gateway to a ziggurat.
 40885 | Depths:2 | Noticed an ancient lich
 41010 | Depths:2 | Found a transporter.
 41434 | Depths:2 | Found a one-way gate leading to the halls of Pandemonium.
 41693 | Depths:2 | Found a transporter.
 42087 | Depths:4 | Found a transporter.
 42348 | Depths:4 | Noticed a juggernaut
 42956 | Depths:4 | Found a corrupted altar of Lugonu.
 42956 | Depths:4 | Found a one-way gate to the infinite horrors of the Abyss.
 43104 | Depths:3 | Noticed an ancient lich
 43127 | Depths:3 | Killed an ancient lich
 43145 | Depths:3 | Noticed Jory
 43170 | Depths:5 | Entered Level 5 of the Depths
 43374 | Depths:4 | Killed Jory
 44272 | Depths:3 | Reached XP level 23. HP: 167/226 MP: 29/29
 44561 | Depths:3 | Reached skill level 20 in Armour
 45686 | Depths:5 | Learned a level 2 spell: Swiftness
 45772 | Depths:5 | Found a gate to the Realm of Zot.
 45796 | Depths:5 | Reached skill level 10 in Translocations
 46142 | Depths:5 | Reached skill level 1 in Charms
 46168 | Depths:5 | Reached skill level 1 in Air Magic
 46291 | Zot:1    | Entered Level 1 of the Realm of Zot
 46629 | Zot:1    | Reached XP level 24. HP: 237/238 MP: 29/29
 47646 | Zot:2    | Reached skill level 21 in Armour
 47737 | Zot:2    | Reached skill level 5 in Charms
 48511 | Zot:3    | Noticed an orb of fire
 48531 | Zot:3    | Gained mutation: You are clumsy. (Dex -2) [an orb of fire]
 48561 | Zot:3    | Killed an orb of fire
 48604 | Zot:3    | Reached skill level 5 in Air Magic
 48985 | Zot:3    | Noticed an orb of fire
 48999 | Zot:3    | Gained mutation: Your spells are a little easier to cast,
                  | but a little less powerful. [an orb of fire]
 49002 | Zot:3    | Killed an orb of fire
 49586 | Zot:4    | Reached XP level 25. HP: 249/249 MP: 29/29
 49905 | Zot:5    | Entered Level 5 of the Realm of Zot
 50354 | Zot:5    | Reached skill level 22 in Armour
 50426 | Zot:5    | Noticed an ancient lich
 50443 | Zot:5    | Killed an ancient lich
 50454 | Zot:5    | Noticed an orb of fire
 50455 | Zot:5    | Lost mutation: You are clumsy. (Dex -2) [an orb of fire]
 50458 | Zot:5    | Gained mutation: Armour fits poorly on your strangely
                  | shaped body. [an orb of fire]
 50460 | Zot:5    | Lost mutation: Your mind is acute. (Int +2) [an orb of
                  | fire]
 50461 | Zot:5    | Noticed an ancient lich
 50461 | Zot:5    | Noticed an ancient lich
 50471 | Zot:5    | Noticed a Killer Klown
 50478 | Zot:5    | Gained mutation: Scrolls take you a little longer to read.
                  | [an orb of fire]
 50483 | Zot:5    | Gained mutation: Your body sometimes deteriorates upon
                  | taking damage. [an orb of fire]
 50651 | Zot:5    | Killed an ancient lich
 50687 | Zot:5    | Gained mutation: Scrolls take you longer to read. [an orb
                  | of fire]
 50692 | Zot:5    | Killed an orb of fire
 50693 | Zot:5    | Killed an ancient lich
 50727 | Zot:5    | Killed a Killer Klown
 50746 | Zot:5    | Noticed a Killer Klown
 50746 | Zot:5    | Noticed an ancient lich
 50749 | Zot:5    | Noticed an ancient lich
 50757 | Zot:5    | Killed an ancient lich
 50763 | Zot:5    | Killed a Killer Klown
 50766 | Zot:5    | Killed an ancient lich
 50945 | Zot:5    | Reached skill level 10 in Charms
 51162 | Zot:5    | Noticed an ancient lich
 51162 | Zot:5    | Noticed a Killer Klown
 51201 | Zot:5    | Killed an ancient lich
 51201 | Zot:5    | Reached XP level 26. HP: 261/261 MP: 25/25
 51347 | Zot:5    | Noticed an ancient lich
 51374 | Zot:5    | Killed an ancient lich
 51534 | Zot:5    | Noticed an orb of fire
 51548 | Zot:5    | Killed an orb of fire
 51592 | Zot:5    | Noticed an ancient lich
 51601 | Zot:5    | Killed an ancient lich
 52263 | Zot:5    | Got the Orb of Zot
 52363 | Zot:4    | Noticed Qeplit the pandemonium lord
 52396 | Zot:4    | Killed Qeplit the pandemonium lord
 52396 | Zot:4    | Reached skill level 23 in Armour
 52816 | D:$      | Escaped with the Orb!

Levels and vault maps discovered:
D:1:      dpeg_arrival_tiny_j, layout_loops_cross
D:2:      minmay_skewed_foursquare, layout_loops_ring,
          grunt_dithmenos_smoke_and_mirrors, first_ration, st_stairs_3
D:3:      layout_rooms, fedhas_altar_1, old_standard_altar,
          kennysheep_okawaru_gauntlet, lemuel_crystal_altar
D:4:      layout_rooms, kennysheep_mini_moat, gammafunk_temple_overflow_wave,
          nicolae_ru_awakened_eye
D:5:      layout_cave_pools, doesnt_xom_only_xom, basic_altar,
          sigmund_edmund_badplayer
D:6:      layout_loops_ring, nicolae_overflow_hidden_temple,
          gammafunk_temple_overflow_arena, lemuel_coloured_pillars_altar,
          gammafunk_ghost_necromancy, minivault_4
D:7:      layout_basic, palyth_temple_overflow_mages,
          lemuel_mausoleum_altar_yredelemnul, minmay_temple_entry_offerings,
          serial_shops, shop
D:8:      lemuel_ice_spiral_2, layout_basic, erik_lair_island, grunt_ogre_cave
D:9:      layout_rooms
D:10:     layout_big_octagon, serial_shops, shop_fountains,
          nicolae_gozag_seed_capital
D:11:     layout_loops_ring, orc_david_3
D:12:     layout_cave_pools
D:13:     layout_basic
D:14:     layout_stronghold, erik_vaults_2, serial_shops, shop_statue,
          nicolae_shop_behind_doors, evilmike_ruin_ashenzari, uniq_roxanne
D:15:     hangedman_depths_entry_try_elsewhere_first, layout_cave_pools,
          hangedman_abyss_or_decor_stagger, uniq_nessos
Lair:1:   layout_cave_pods, gauntlet_entry_generic, gammafunk_lair_bear_cave
Lair:2:   layout_hall_layers, gammafunk_ghost_ooze,
          chequers_serial_rivers_small_3, uniq_sonja, uniq_nergalle, uniq_fannar
Lair:3:   layout_roguey, lemuel_fruit_tree, serial_bayou_shore_a,
          grunt_megastairs_4
Lair:4:   layout_cave_pods, minmay_shoals_entry_beasts,
          minmay_snake_entry_six_corridors, kennysheep_basilisk_garden
Lair:5:   layout_cave_pods, basic_altar, infiniplex_staircase_pool
Lair:6:   wormcave, layout_long_grid, slime_altar_1,
          grunt_forest_large_clearings, grunt_megastairs_3,
          minmay_lair_oklob_chamber
Shoals:1: layout_shoals, serial_shops, shop_fountains
Shoals:2: layout_shoals, nicolae_shoals_so_close
Shoals:3: layout_shoals, uniq_donald, uniq_polyphemus, uniq_bai_suzhen
Shoals:4: shoals_end_grunt_ice, layout_shoals, shoals_ilsuiw_ice,
          gammafunk_ghost_tricky_traps, nicolae_shoals_drake_roost
Snake:1:  kennysheep_six_static_rooms, layout_basic, st_stairs_7
Snake:2:  layout_gridlike, portal_ice_cave_entry_ice_statue_one, uniq_aizul
Snake:3:  layout_layer_cave, grunt_ministairs_9, st_stairs_4, minmay_shoptagon
Snake:4:  johnstein_snake_rune_scales, layout_misc_corridors
Orc:1:    layout_caves, nicolae_orc_pool_cavern, nicolae_orc_tapped_out,
          uniq_maurice, uniq_urug, uniq_erica
Orc:2:    st_orc_open, layout_caves, basic_altar, led_sif_book, uniq_rupert
Vaults:1: nicolae_vaults_asterisk, ontoclasm_vaults_tryst, v_rooms_1,
          nicolae_vaults_ring_of_whatevers, nicolae_vaults_display_case,
          grunt_vaults_focal, vaults_room_grid, ontoclasm_vaults_chip,
          vaults_mumra_minichess, layout_vaults_ring
Vaults:2: v_misc_24, grunt_vaults_twisty, hangedman_vaults_locks,
          nicolae_vaults_specimen_jars, nicolae_vaults_circle_grid_a,
          vaults_dpeg_encased_lava, hangedman_vaults_unwind, v_misc_2,
          ontoclasm_vaults_misaligned, nicolae_vaults_network_quinsquares
          [nicolae_vaults_network_quincunx_subvault,
          nicolae_vaults_network_quincunx_subvault,
          nicolae_vaults_network_quincunx_subvault,
          nicolae_vaults_network_quincunx_subvault],
          ontoclasm_vaults_loading_screen, nicolae_vaults_yaktaur_gun_rack,
          layout_vaults_big_cross, serial_shops, shop
Vaults:3: dpeg_vaults_monster_box, v_alt_pattern_3, ontoclasm_vaults_shuriken,
          v_pattern_1, minmay_crypt_entry_nasty_monster, vaults_room_grid,
          vaults_dpeg_hooks, layout_vaults_quadrants
Vaults:4: nicolae_vaults_network_quincunx
          [nicolae_vaults_network_quincunx_subvault,
          nicolae_vaults_network_quincunx_subvault,
          nicolae_vaults_network_quincunx_subvault,
          nicolae_vaults_network_quincunx_subvault,
          nicolae_vaults_network_quincunx_subvault], v_pattern_5, v_misc_24,
          v_alt_pattern_2, vaults_mumra_hex, ontoclasm_vaults_ligature,
          nicolae_vaults_back_hallway, grunt_vaults_hallway_long,
          hangedman_vaults_slice, layout_vaults_chaotic_city
Vaults:5: serial_shops
Depths:1: layout_cave_pools, pf_dread_powers_of_hell,
          chequers_serial_rivers_small_b, minmay_guarded_unrand_robustness,
          uniq_enchantress
Depths:2: gammafunk_dig_for_victory, layout_gridville, enter_ziggurat_d,
          infiniplex_staircase_zigzag_3, serial_sigils,
          serial_sigils_hangedman_scratch, serial_sigils_hangedman_stare,
          serial_sigils_hangedman_gnaw, serial_sigils_hangedman_gut,
          rand_demon_pan_entry_4, hell_entry, serial_bayou_shore_b,
          serial_bayou_shore_b
Depths:3: lemuel_river_lethe, abyss_entry, hell_entry, pan_entry,
          uniq_frederick, uniq_jory
Depths:4: emtedronai_trogs_sanctum, layout_basic,
          hangedman_abyss_or_decor_lesser_grid, hell_entry,
          abyss_entry_flame_altar, minmay_misc_feat_diagonals
Depths:5: grunt_x_marks_the_spot, layout_gridlike, hell_entry,
          minmay_misc_feat_chi, abyss_entry
Zot:1:    kennysheep_bubbly, layout_onion_interference, st_stairs_7
Zot:2:    layout_gridlike
Zot:3:    layout_misc_corridors
Zot:4:    layout_misc_corridors, grunt_megastairs_2
Zot:5:    layout_cathedral_of_symmetry

Skill      XL: |  1  2  3  4  5  6  7  8  9 10 11 12 13 14 15 16 17 18 19 20 21 22 23 24 25 26 |
---------------+-------------------------------------------------------------------------------+-----
Fighting       | 2 3 4 5 6 7 8 9 10 11 12 13 14 15 16 17 18 19 20 | 20.4
Axes           | 4 5 6 8 9 11 12 13 15 16 17 18 | 18.0
Dodging        | 4 5 6 7 8 |  8.9
Armour         | 3 5 7 8 9 10 12 13 14 15 16 17 18 19 20 21 22 23 | 23.0
Shields        | 2 5 6 8 9 11 12 14 15 | 15.0
Invocations    | 4 7 9 11 13 15 16 17 | 17.2
Transmutations | 2 5 7 9 10 | 10.3
Ice Magic      | 2 5 7 9 10 | 10.3
Slings         | 5 8 10 12 13 | 13.9
Translocations | 2 8 10 | 10.0
Charms         | 3 7 10 | 10.4
Air Magic      | 3 6 8 |  8.8
Throwing       | |  1.7

Action                   |  1- 3 |  4- 6 |  7- 9 | 10-12 | 13-15 | 16-18 | 19-21 | 22-24 | 25-27 || total
-------------------------+-------+-------+-------+-------+-------+-------+-------+-------+-------++-------
Melee: War axe           |   111 |   187 |   328 |   874 |  1339 |  1235 |       |       |       ||  4074
       Broad axe         |       |       |       |       |       |   848 |  1581 |  1929 |   611 ||  4969
       Unarmed           |       |       |       |       |       |       |    18 |       |       ||    18
 Fire: Fustibalus        |       |       |       |       |       |     5 |    42 |    95 |    11 ||   153
Throw: Dart              |       |    10 |       |       |       |       |       |       |       ||    10
       Boomerang         |       |       |    35 |    57 |    13 |     2 |     3 |     1 |       ||   111
 Cast: Ice Form          |       |       |       |       |       |       |     1 |       |       ||     1
Invok: Minor Destruction |       |       |       |     2 |    48 |       |       |       |       ||    50
       Lesser Servant of |       |       |       |     2 |     3 |       |       |       |       ||     5
       Greater Servant o |       |       |       |       |     1 |     3 |     5 |    10 |     7 ||    26
 Abil: Revivify          |       |     4 |     3 |     3 |       |    18 |       |       |       ||    28
       Heal Wounds       |       |       |       |       |       |       |     3 |     8 |     9 ||    20
       End Transformatio |       |       |       |       |       |       |     1 |       |       ||     1
Evoke: Wand              |       |       |     8 |     5 |     6 |     2 |       |     1 |       ||    22
  Use: Scroll            |       |     5 |     6 |    14 |     6 |    15 |     6 |    17 |     3 ||    72
       Potion            |       |     2 |     3 |       |       |     1 |       |     1 |     3 ||    10
 Stab: Paralysed         |       |       |       |     2 |       |       |       |       |       ||     2
       Petrified         |       |       |       |       |     1 |       |       |       |       ||     1
       Distracted        |       |       |       |       |       |     2 |     3 |     3 |     3 ||    11
       Invisible         |       |       |       |       |       |       |       |     8 |       ||     8
  Eat: Chunk             |     2 |     6 |    10 |    31 |    28 |    25 |    28 |    22 |     3 ||   155
       Ration            |       |       |     1 |       |     1 |     3 |       |     3 |     5 ||    13
Armor: Leather armour    |    48 |    54 |    12 |       |       |       |       |       |       ||   114
       Scale mail        |       |       |    25 |       |       |       |       |       |       ||    25
       Chain mail        |       |       |    70 |    51 |       |       |       |       |       ||   121
       Plate armour      |       |       |       |   359 |   539 |   783 |   542 |   753 |       ||  2976
       Skin              |       |       |       |       |       |       |     9 |       |       ||     9
       Gold dragon scale |       |       |       |       |       |       |       |   369 |   297 ||   666
Dodge: Dodged            |   120 |   121 |   189 |   271 |   351 |   432 |   361 |   461 |   112 ||  2418
Block: Shield            |       |       |    24 |   488 |  1010 |  1946 |  1314 |  1767 |   449 ||  6998
       Reflection        |       |       |       |       |    57 |   161 |   102 |    62 |     8 ||   390
       Other             |       |       |       |       |       |       |     5 |       |       ||     5

Table legend:
 A = Non-vault XP
 B = Vault XP
 C = Vault XP percentage of total XP
 D = Non-vault monster count
 E = Vault monster count
 F = Vault count percentage of total count
                 A         B        C        D         E       F
            +---------+---------+-------+---------+---------+-------
      Total |  739830 |  634066 |  46.2 |    1309 |     772 |  37.1
            +---------+---------+-------+---------+---------+-------
        D:1 |      35 |       0 |   0.0 |      21 |       0 |   0.0
        D:2 |      48 |      29 |  37.7 |      18 |      12 |  40.0
        D:3 |     153 |       4 |   2.5 |      19 |       2 |   9.5
        D:4 |      50 |       0 |   0.0 |       8 |       0 |   0.0
        D:5 |     290 |     404 |  58.2 |      11 |       2 |  15.4
        D:6 |     546 |    1740 |  76.1 |      19 |      11 |  36.7
        D:7 |     486 |     870 |  64.2 |      16 |      15 |  48.4
        D:8 |    2415 |     856 |  26.2 |      33 |       7 |  17.5
        D:9 |    2946 |       0 |   0.0 |      29 |       0 |   0.0
       D:10 |    2412 |       0 |   0.0 |      16 |       0 |   0.0
       D:11 |    5860 |     140 |   2.3 |      48 |       6 |  11.1
       D:12 |    4347 |       0 |   0.0 |      18 |       0 |   0.0
       D:13 |    4317 |       0 |   0.0 |      22 |       0 |   0.0
       D:14 |    9341 |    7774 |  45.4 |      37 |       8 |  17.8
       D:15 |   23769 |    4006 |  14.4 |      36 |       5 |  12.2
     Lair:1 |    2542 |     741 |  22.6 |      11 |       3 |  21.4
     Lair:2 |    6600 |    4228 |  39.0 |      28 |      10 |  26.3
     Lair:3 |    1356 |    2031 |  60.0 |       7 |       8 |  53.3
     Lair:4 |    3422 |    3378 |  49.7 |       9 |      18 |  66.7
     Lair:5 |   11851 |     934 |   7.3 |      45 |       8 |  15.1
     Lair:6 |   14552 |   11593 |  44.3 |      43 |      45 |  51.1
   Shoals:1 |    4113 |       0 |   0.0 |      10 |       0 |   0.0
   Shoals:2 |   13564 |     177 |   1.3 |      27 |       1 |   3.6
   Shoals:3 |   24686 |   12762 |  34.1 |      49 |       6 |  10.9
   Shoals:4 |   15031 |   22603 |  60.1 |      31 |      39 |  55.7
    Snake:1 |   20521 |    4453 |  17.8 |      42 |       7 |  14.3
    Snake:2 |   16364 |    2119 |  11.5 |      28 |       2 |   6.7
    Snake:3 |    9869 |    1707 |  14.7 |      18 |       4 |  18.2
    Snake:4 |   20335 |   37812 |  65.0 |      29 |      64 |  68.8
      Orc:1 |    1824 |    2418 |  57.0 |      29 |       4 |  12.1
      Orc:2 |     625 |   16090 |  96.3 |       8 |      39 |  83.0
   Vaults:1 |   30391 |   16325 |  34.9 |      80 |      27 |  25.2
   Vaults:2 |   19430 |   21320 |  52.3 |      43 |      32 |  42.7
   Vaults:3 |   21724 |    7349 |  25.3 |      38 |       7 |  15.6
   Vaults:4 |   26381 |   43757 |  62.4 |      39 |      46 |  54.1
   Vaults:5 |   30377 |   95840 |  75.9 |      44 |      67 |  60.4
   Depths:1 |   35827 |   18532 |  34.1 |      52 |      18 |  25.7
   Depths:2 |   46298 |    6912 |  13.0 |      52 |      18 |  25.7
   Depths:3 |       0 |   60810 | 100.0 |       0 |     102 | 100.0
   Depths:4 |   29246 |    2777 |   8.7 |      33 |       3 |   8.3
   Depths:5 |   34056 |   22613 |  39.9 |      35 |      15 |  30.0
      Zot:1 |   41775 |   21617 |  34.1 |      23 |      13 |  36.1
      Zot:2 |   37967 |       0 |   0.0 |      18 |       0 |   0.0
      Zot:3 |   41685 |       0 |   0.0 |      20 |       0 |   0.0
      Zot:4 |   76295 |    3056 |   3.9 |      41 |       2 |   4.7
      Zot:5 |   44108 |  162893 |  78.7 |      26 |      42 |  61.8
      IceCv |       0 |   11396 | 100.0 |       0 |      54 | 100.0
            +---------+---------+-------+---------+---------+-------
